BSA
ST CHARLES SHEENS @ PORTLAND CARDS
03/14/2030
 
TOP OF THE 1ST
St Charles Sheens batting - Pitching for Portland Cards : RHP Tim Cameron
Pitching: RHP Tim Cameron
Batting: RHB Rob Brady 0-0: Ball
1-0: Ball
2-0: Ball
3-0: Base on Balls
Batting: RHB Víctor Arredondo 0-0: Called Strike
0-1: Called Strike
0-2: Ball
1-2: SINGLE (Groundball, 56D)
Rob Brady to second
Batting: RHB Lúcio Alfaro Balk!
Rob Brady to third
Víctor Arredondo to second
0-0: Ball
1-0: Swinging Strike
1-1: Swinging Strike
1-2: Ball
2-2: Foul Ball, location: 2F
2-2: Ball
3-2: Base on Balls
Batting: RHB Shawn Gutiérrez 0-0: Fly out, F9 (Flyball, 89S)
Runner from 3rd tags up, SCORES, no throw
Batting: LHB Larry Howard 0-0: Ball
1-0: Ball
2-0: Grounds into double play, 5-4-3 (Groundball, 56)
Top of the 1st over - 1 run, 1 hit, 0 errors, 1 left on base; St Charles 1 - Portland 0
BOTTOM OF THE 1ST
Portland Cards batting - Pitching for St Charles Sheens : RHP Jesús Andrade
Pitching: RHP Jesús Andrade
Batting: RHB Dani Vázquez 0-0: Called Strike
0-1: Ball
1-1: Ball
2-1: Ground out U3 (Groundball, 3L)
Batting: RHB Carlos Sánchez 0-0: Fly out, F5 (Line Drive, 5)
Batting: LHB Jeff Daniels 0-0: Swinging Strike
0-1: Swinging Strike
0-2: Ball
1-2: Ball
2-2: Ball
3-2: Base on Balls
Batting: LHB Paul Mullins 0-0: Ball
1-0: Ball
2-0: Ball
3-0: Base on Balls
Jeff Daniels to second
Batting: LHB Chance Santry 0-0: Ball
1-0: Foul Ball, location: 2F
1-1: Ball
2-1: SINGLE (Groundball, 6D)
Jeff Daniels to third
Paul Mullins to second
Batting: RHB Norm Francis 0-0: Fielders Choice at 2nd, 6-4 (Groundball, 6)
Bottom of the 1st over - 0 runs, 1 hit, 0 errors, 3 left on base; St Charles 1 - Portland 0
TOP OF THE 2ND
St Charles Sheens batting - Pitching for Portland Cards : RHP Tim Cameron
Batting: RHB Judson Backstrom 0-0: Called Strike
0-1: Foul Ball, location: 2F
0-2: Ball
1-2: Ground out 4-3 (Groundball, 4)
Batting: RHB Sergio Pujols 0-0: Ball
1-0: Called Strike
1-1: Foul Ball, location: 2F
1-2: SINGLE (Line Drive, 89S)
Batting: LHB Nick Gamble 0-0: SINGLE (Groundball, 6D)
Sergio Pujols to second
Batting: RHB Salvador Rodríguez 0-0: Called Strike
0-1: Foul Ball, location: 2F
0-2: Ball
1-2: Ball
2-2: Foul Ball, location: 2F
2-2: Ball
3-2: Foul Ball, location: 2F
3-2: Foul Ball, location: 2F
3-2: Strikes out swinging
Batting: RHB Rob Brady 0-0: SINGLE (Groundball, 6D)
Sergio Pujols to third
Nick Gamble to second
Runner from 3rd tries for Home, throw and OUT!
Top of the 2nd over - 0 runs, 3 hits, 0 errors, 2 left on base; St Charles 1 - Portland 0
BOTTOM OF THE 2ND
Portland Cards batting - Pitching for St Charles Sheens : RHP Jesús Andrade
Batting: RHB Mario Méndez 0-0: Ball
1-0: SINGLE (Groundball, 6D)
Batting: RHB Júlio Rodríguez 0-0: Called Strike
0-1: Called Strike
0-2: Foul Ball, location: 2F
0-2: Ball
1-2: Ball
2-2: Ball
3-2: Strikes out swinging
Batting: RHB Pedro Rivera 0-0: Foul Ball, location: 2F
0-1: Fielders Choice at 2nd, 6-4 (Groundball, 6)
Batting: RHB Dani Vázquez 0-0: Called Strike
Pedro Rivera steals 2nd base
0-1: Ground out 5-3 (Groundball, 56)
Bottom of the 2nd over - 0 runs, 1 hit, 0 errors, 1 left on base; St Charles 1 - Portland 0
TOP OF THE 3RD
St Charles Sheens batting - Pitching for Portland Cards : RHP Tim Cameron
Batting: RHB Víctor Arredondo 0-0: Ball
1-0: Called Strike
1-1: Fly out, F7 (Flyball, 78D)
Batting: RHB Lúcio Alfaro 0-0: Ball
1-0: Ball
2-0: Called Strike
2-1: Foul Ball, location: 2F
2-2: Foul Ball, location: 2F
2-2: Strikes out looking
Batting: RHB Shawn Gutiérrez 0-0: SINGLE (Line Drive, 6MD)
Batting: LHB Larry Howard 0-0: Fly out, F8 (Flyball, 8LXD)
Top of the 3rd over - 0 runs, 1 hit, 0 errors, 1 left on base; St Charles 1 - Portland 0
BOTTOM OF THE 3RD
Portland Cards batting - Pitching for St Charles Sheens : RHP Jesús Andrade
Batting: RHB Carlos Sánchez 0-0: Ball
1-0: Ball
2-0: Ball
3-0: Called Strike
3-1: Fly out, F7 (Flyball, 7LM)
Batting: LHB Jeff Daniels 0-0: Ball
1-0: Called Strike
1-1: Ground out 5-3 (Groundball, 56S)
Batting: LHB Paul Mullins 0-0: Ball
1-0: Foul Ball, location: 2F
1-1: Foul Ball, location: 2F
1-2: Fly out, F5 (Popup, 5F)
Bottom of the 3rd over - 0 runs, 0 hits, 0 errors, 0 left on base; St Charles 1 - Portland 0
TOP OF THE 4TH
St Charles Sheens batting - Pitching for Portland Cards : RHP Tim Cameron
Batting: RHB Judson Backstrom 0-0: Ball
1-0: Called Strike
1-1: Ball
2-1: Ball
3-1: Base on Balls
Batting: RHB Sergio Pujols 0-0: Ball
1-0: Grounds into double play, 6-4-3 (Groundball, 6)
Batting: LHB Nick Gamble 0-0: Ground out U3 (Groundball, 3L)
Top of the 4th over - 0 runs, 0 hits, 0 errors, 0 left on base; St Charles 1 - Portland 0
BOTTOM OF THE 4TH
Portland Cards batting - Pitching for St Charles Sheens : RHP Jesús Andrade
Batting: LHB Chance Santry 0-0: Ball
1-0: Swinging Strike
1-1: Ground out 5-3 (Groundball, 56)
Batting: RHB Norm Francis 0-0: Ground out 5-3 (Groundball, 56S)
Batting: RHB Mario Méndez 0-0: Swinging Strike
0-1: Fly out, F7 (Flyball, 7LDF)
Bottom of the 4th over - 0 runs, 0 hits, 0 errors, 0 left on base; St Charles 1 - Portland 0
TOP OF THE 5TH
St Charles Sheens batting - Pitching for Portland Cards : RHP Tim Cameron
Pitching: LHP Jeff Brennan
Batting: RHB Salvador Rodríguez 0-0: Called Strike
0-1: Foul Ball, location: 2F
0-2: Strikes out swinging
Batting: RHB Rob Brady 0-0: Ball
1-0: Ball
2-0: Ground out 1-3 (Groundball, P)
Batting: RHB Víctor Arredondo 0-0: Ball
1-0: Ball
2-0: Foul Ball, location: 2F
2-1: Called Strike
2-2: Foul Ball, location: 2F
2-2: Strikes out swinging, 2-3 out at first.
Top of the 5th over - 0 runs, 0 hits, 0 errors, 0 left on base; St Charles 1 - Portland 0
BOTTOM OF THE 5TH
Portland Cards batting - Pitching for St Charles Sheens : RHP Jesús Andrade
Pitching: RHP Alejandro Longoria
Batting: RHB Júlio Rodríguez 0-0: Called Strike
0-1: Foul Ball, location: 2F
0-2: Ball
1-2: Strikes out swinging
Batting: RHB Pedro Rivera 0-0: Ball
1-0: Hit by Pitch
Batting: RHB Dani Vázquez 0-0: Called Strike
Pedro Rivera steals 2nd base
0-1: Called Strike
0-2: Foul Ball, location: 2F
0-2: Ball
1-2: Ground out 5-3 (Groundball, 56S)
Pedro Rivera to third
Batting: RHB Carlos Sánchez 0-0: SINGLE (Line Drive, 7S)
Pedro Rivera scores
Batting: LHB Jeff Daniels 0-0: Fly out, F8 (Flyball, 8RS)
Bottom of the 5th over - 1 run, 1 hit, 0 errors, 1 left on base; St Charles 1 - Portland 1
TOP OF THE 6TH
St Charles Sheens batting - Pitching for Portland Cards : LHP Jeff Brennan
Batting: RHB Lúcio Alfaro 0-0: Called Strike
0-1: Fly out, F3 (Line Drive, 3S)
Batting: RHB Shawn Gutiérrez 0-0: Called Strike
0-1: Called Strike
0-2: SOLO HOME RUN (Flyball, 7D), Distance : 378 ft
Batting: LHB Larry Howard 0-0: Ball
1-0: Swinging Strike
1-1: Ball
2-1: Fly out, F8 (Flyball, 8RS)
Batting: RHB Judson Backstrom 0-0: Ball
1-0: Ball
2-0: SINGLE (Groundball, 56S) (infield hit)
Batting: RHB Sergio Pujols 0-0: Fly out, F8 (Flyball, 8LD)
Top of the 6th over - 1 run, 2 hits, 0 errors, 1 left on base; St Charles 2 - Portland 1
BOTTOM OF THE 6TH
Portland Cards batting - Pitching for St Charles Sheens : RHP Alejandro Longoria
Batting: LHB Paul Mullins 0-0: Called Strike
0-1: Ball
1-1: Swinging Strike
1-2: Ground out 6-3 (Groundball, 6)
Batting: LHB Chance Santry 0-0: Ball
1-0: Called Strike
1-1: Foul Ball, location: 2F
1-2: Strikes out swinging
Batting: RHB Norm Francis 0-0: Ball
1-0: Foul Ball, location: 2F
1-1: Ground out 6-3 (Groundball, 6M)
Bottom of the 6th over - 0 runs, 0 hits, 0 errors, 0 left on base; St Charles 2 - Portland 1
TOP OF THE 7TH
St Charles Sheens batting - Pitching for Portland Cards : LHP Jeff Brennan
Batting: LHB Nick Gamble 0-0: Swinging Strike
0-1: Foul Ball, location: 2F
0-2: SINGLE (Flyball, 7LM)
Pinch Hitting: SHB Henry Copeland 0-0: Called Strike
0-1: Ball
1-1: Bunted foul
1-2: Foul Ball, location: 2F
1-2: Foul Ball, location: 2F
1-2: Ball
2-2: SINGLE (Flyball, 7LS)
Nick Gamble to second
Pinch Hitting: RHB Miguel Palácios 0-0: Ball
1-0: Bunt missed!
1-1: Bunted foul
1-2: Ball
2-2: DOUBLE (Line Drive, 78M)
Nick Gamble scores
Henry Copeland to third
Pinch Hitting: RHB Ramón Molina 0-0: Intentional Walk
Pitching: RHP Taylor Bowen
Pinch Hitting: LHB Randy Wiggins 0-0: Foul Ball, location: 2F
0-1: Ball
1-1: DOUBLE (Flyball, 8LXD)
Henry Copeland scores
Miguel Palácios scores
Ramón Molina to third
Pinch Runner at 2nd Jesús Hernández:
Batting: RHB Shawn Gutiérrez 0-0: Foul Ball, location: 2F
0-1: Ball
1-1: Ground out 4-3 (Groundball, 4)
Pinch Hitting: RHB Glen MacDonald 0-0: Swinging Strike
0-1: Swinging Strike
0-2: Strikes out looking
Batting: RHB Judson Backstrom 0-0: Swinging Strike
0-1: Ground out 4-3 (Groundball, 4MS)
Top of the 7th over - 3 runs, 4 hits, 0 errors, 2 left on base; St Charles 5 - Portland 1
BOTTOM OF THE 7TH
Portland Cards batting - Pitching for St Charles Sheens : RHP Alejandro Longoria
Now at 1B: Ramón Molina
Now at 2B: Miguel Palácios
Now at SS: Clarence Harrison
Now in CF: Glen MacDonald
Now in RF: Jesús Hernández
Batting: RHB Mario Méndez 0-0: Ball
1-0: Called Strike
1-1: Ball
2-1: Ball
3-1: Base on Balls
Batting: RHB Júlio Rodríguez Pickoff Throw to First - Out!
0-0: Ground out 5-3 (Groundball, 5)
Batting: RHB Pedro Rivera 0-0: Fly out, F8 (Line Drive, 8LD)
Bottom of the 7th over - 0 runs, 0 hits, 0 errors, 0 left on base; St Charles 5 - Portland 1
TOP OF THE 8TH
St Charles Sheens batting - Pitching for Portland Cards : RHP Taylor Bowen
Pinch Hitting: RHB Lorenzo González 0-0: Swinging Strike
0-1: Foul Ball, location: 2F
0-2: Strikes out looking
Batting: LHB Nick Gamble 0-0: Foul Ball, location: 2F
0-1: Ball
1-1: Ball
2-1: Ground out 5-3 (Groundball, 56)
Batting: RHB Clarence Harrison 0-0: Swinging Strike
0-1: Foul Ball, location: 2F
0-2: Foul Ball, location: 2F
0-2: Foul Ball, location: 2F
0-2: Ball
1-2: Ball
2-2: Ground out 6-3 (Groundball, 6)
Top of the 8th over - 0 runs, 0 hits, 0 errors, 0 left on base; St Charles 5 - Portland 1
BOTTOM OF THE 8TH
Portland Cards batting - Pitching for St Charles Sheens : RHP Alejandro Longoria
Now at 3B: Salvador Medine
Batting: LHB Alberto Varela 0-0: Called Strike
0-1: Foul Ball, location: 2F
0-2: Strikes out swinging
Pinch Hitting: RHB Mario Beltrán 0-0: Fly out, F4 (Popup, 4M)
Batting: LHB Jeff Daniels 0-0: Ball
1-0: Ball
2-0: Called Strike
2-1: Ground out 6-3 (Groundball, 6M)
Bottom of the 8th over - 0 runs, 0 hits, 0 errors, 0 left on base; St Charles 5 - Portland 1
TOP OF THE 9TH
St Charles Sheens batting - Pitching for Portland Cards : RHP Taylor Bowen
Now at SS: Alberto Varela
Now in LF: Joel Nelson
Batting: RHB Miguel Palácios 0-0: Ball
1-0: Called Strike
1-1: SINGLE (Groundball, 6MD)
Batting: RHB Ramón Molina 0-0: Foul Ball, location: 2F
0-1: Foul Ball, location: 2F
0-2: Ball
1-2: Foul Ball, location: 2F
1-2: Ground out 4-3 (Groundball, 34)
Miguel Palácios to second
Batting: RHB Jesús Hernández 0-0: Ball
1-0: Ball
2-0: Ball
3-0: Called Strike
3-1: SINGLE (Line Drive, 78S)
Miguel Palácios to third
Runner from 3rd tries for Home, SAFE, no throw
Pitching: RHP Miguel Ortíz
Pinch Hitting: RHB Walton Smith 0-0: Ball
1-0: Ball
2-0: Called Strike
2-1: Called Strike
Jesús Hernández steals 2nd base
2-2: Fly out, F9 (Flyball, 9S)
Batting: RHB Glen MacDonald 0-0: Called Strike
0-1: Ball
1-1: Ball
2-1: Ball
3-1: Foul Ball, location: 2F
3-2: Foul Ball, location: 2F
3-2: Ground out 1-3 (Groundball, 13S)
Top of the 9th over - 1 run, 2 hits, 0 errors, 1 left on base; St Charles 6 - Portland 1
BOTTOM OF THE 9TH
Portland Cards batting - Pitching for St Charles Sheens : RHP Alejandro Longoria
Now at C: Ryan Parrish
Batting: LHB Paul Mullins 0-0: Ball
1-0: Swinging Strike
1-1: Ground out 4-3 (Groundball, 34)
Pinch Hitting: SHB Giancarlo Giannini 0-0: Called Strike
0-1: Foul Ball, location: 2F
0-2: Foul Ball, location: 2F
0-2: Strikes out swinging
Pinch Hitting: RHB Aaron Scott 0-0: Ball
1-0: Called Strike
1-1: Fly out, F4 (Popup, 4S)
Bottom of the 9th over - 0 runs, 0 hits, 0 errors, 0 left on base; St Charles 6 - Portland 1
Saturday, April 7th, 2018 - OOTP Baseball 18.8 Build 76